 Dungeon Crawl Stone Soup version 0.24.0-7-gb3623d2c88 (webtiles) character file.

Game seed: 481292992074178144, levelgen mode: deterministic

2550 sking99 the Skirmisher (level 9, -4/93 HPs)
             Began as an Ogre Conjurer on Nov 2, 2019.
             Was a Believer of Ashenzari.
             Hit by a boomerang thrown by an orc warrior (7 damage)
             ... on level 8 of the Dungeon.
             The game lasted 00:31:42 (14787 turns).

sking99 the Skirmisher (Ogre Conjurer)             Turns: 14787, Time: 00:31:43

Health: -4/93      AC:  5    Str: 14    XL:     9   Next: 56%
Magic:  7/18       EV: 10    Int: 19    God:    Ashenzari [**....]
Gold:   407        SH:  0    Dex:  9    Spells: 9/20 levels left

rFire    . . .     SeeInvis .   x - +2 dagger (venom) (curse)
rCold    . . .     Gourm    +   (no shield)
rNeg     . . .     Faith    .   a - +0 robe (curse)
rPois    .         Spirit   .   (helmet restricted)
rElec    .         Reflect  .   j - +1 cloak (curse)
rCorr    +         Harm     .   (gloves unavailable)
MR       .....                  (boots unavailable)
Stlth    ++........             t - amulet of the gourmand (curse)
HPRegen  0.25/turn              k - ring of resist corrosion
MPRegen  0.16/turn              (no ring)

@: very slightly contaminated
A: large, unfitting armour, tough skin 1
a: Curse Item, Scrying, Renounce Religion


You were on level 8 of the Dungeon.
You worshipped Ashenzari.
Ashenzari was pleased with you.
You were full.

You visited 2 branches of the dungeon, and saw 9 of its levels.
You also visited: Sewer.

You collected 407 gold pieces.

Inventory:

Hand Weapons
 v - the +4 whip of the Snake Pit {speed, rElec rC- Dex+2}
   (You found it on level 7 of the Dungeon)

   Attacks with this weapon are significantly faster.
   It affects your dexterity (+2).
   It makes you vulnerable to cold.
   It insulates you from electricity.
 x - a cursed +2 dagger of venom (weapon)
Armour
 a - a cursed +0 robe (worn)
 j - a cursed +1 cloak (worn)
 p - a +0 shield
Jewellery
 h - an uncursed ring of fire
 k - a ring of resist corrosion (left hand)
 t - a cursed amulet of the gourmand (around neck)
Wands
 b - a wand of paralysis (9)
 q - a wand of polymorph (9)
 w - a wand of random effects (18)
Scrolls
 f - 2 scrolls of fog
 g - 3 scrolls of teleportation
 l - a scroll of magic mapping
 s - a scroll of noise {unknown}
 y - a scroll of fear {unknown}
 A - a scroll of identify
Potions
 d - 2 potions of magic
 e - 2 potions of agility
 i - 5 potions of curing
 m - a potion of ambrosia {unknown}
 n - 5 potions of might
 o - a potion of mutation {unknown}
 r - 2 potions of brilliance {unknown}
 u - a potion of flight {unknown}
 z - a potion of heal wounds {unknown}
 C - a potion of cancellation {unknown}
Comestibles
 c - 9 rations


   Skills:
 + Level 7.2 Fighting
 - Level 1.7(2.8) Dodging
 - Level 1.4(2.4) Stealth
 + Level 5.6 Shields
 - Level 6.0 Spellcasting
 - Level 7.0 Conjurations
 - Level 4.0 Hexes


You had 9 spell levels left.
You knew the following spells:

 Your Spells              Type           Power        Failure   Level  Hunger
a - Magic Dart            Conj           ####         1%          1    None
b - Searing Ray           Conj           ####..       1%          2    None
c - Fulminant Prism       Conj/Hex       ####......   12%         4    ####...
d - Iskenderun's Mystic   Conj           ####....     6%          4    ####...

Your spell library contained the following spells:

 Spells                   Type           Power        Failure   Level  Hunger
 Confusing Touch          Hex            ###...       2%          1    None
 Shock                    Conj/Air       ###.         2%          1    None
 Dazzling Spray           Conj/Hex       ####..       3%          3    ##.....
 Static Discharge         Conj/Air       ###.....     8%          3    ##.....
 Animate Skeleton         Necr           N/A          11%         1    None
 Apportation              Tloc           #.....       11%         1    None
 Summon Small Mammal      Summ           #...         11%         1    None
 Swiftness                Chrm/Air       #.......     17%         2    None
 Force Lance              Conj/Tloc      ###.....     26%         4    ####...
 Lightning Bolt           Conj/Air       ###.......   58%         5    #####..
 Airstrike                Air            #.........   73%         4    ####...


Dungeon Overview and Level Annotations

Branches:
Dungeon (8/15)             Temple (1/1) D:5           Sewer (visited)
   Lair: D:8-11

Altars:
Ashenzari
Cheibriados
Dithmenos
Elyvilon
Fedhas
Gozag
Hepliaklqana
Kikubaaqudgha
Makhleb
Nemelex Xobeh
Okawaru
Qazlal
Ru
Sif Muna
Trog
Uskayaw
Vehumet
Wu Jian
Xom
Yredelemnul
Zin
The Shining One

Annotations:
D:8 Gastronok


Innate Abilities, Weirdness & Mutations

You are too large for most types of armour.
You have tough skin. (AC +1)


Message History

Aiming: Fulminant Prism (safe; 12% risk of failure)
Press: ? - help, Dir - move target cursor, p - orc warrior You conjure a prism of explosive energy!
The orc warrior throws a boomerang.
The boomerang barely misses you.
The weapon returns to the orc warrior!
The orc warrior throws a boomerang.
The boomerang hits you!
* * * LOW HITPOINT WARNING * * *
The weapon returns to the orc warrior!
Your fulminant prism crackles loudly.
The orc warrior throws a boomerang.
The boomerang hits you.
* * * LOW HITPOINT WARNING * * *
The weapon returns to the orc warrior!
Your fulminant prism explodes!
The blast of energy engulfs you!!
* * * LOW HITPOINT WARNING * * *
You hear a shout! x7; You hear a croak.
You hear a shout!
The orc warrior throws a boomerang.
The boomerang barely misses you.
The weapon returns to the orc warrior!
The orc warrior throws a boomerang.
The boomerang hits you!
You die...

........## ##.#
#.#
..$).....#**#...
#.# .....[...+
... #.#
.........# *
..##.#
#...........
..#.#
##.....#(###**
#.#.# ##$..##.#
#####(#[#
##+###.#
#....<((# *
#.###.###@###
#.o.......# ,
#####.##### *, *
#.# , , * *#.# ,
, , ,..#
,*,***### , , *


You could see an orc warrior.

Vanquished Creatures
  Eustachio (D:5)
  A water moccasin (D:6)
  An orc warrior (D:8)
  2 black bears (D:6)
  A centaur (D:8)
  A phantom (D:5)
  3 ogres
  A crocodile (D:8)
  2 big kobolds
  2 bullfrogs
  A gnoll sergeant (D:7)
  2 howler monkeys
  4 crimson imps
  A quasit (D:5)
  4 orc priests
  2 hounds
  An iguana (D:7)
  Ijyb (D:3)
  5 orc wizards
  5 worker ants
  A killer bee zombie (D:7)
  2 hound skeletons
  A howler monkey skeleton (D:5)
  2 worker ant zombies (D:5)
  3 gnolls (D:8)
  15 adders
  2 river rats (D:4)
  A shadow imp (D:7)
  2 adder skeletons
  2 worms
  A dart slug (D:1)
  5 leopard geckos
  39 orcs
  5 ball pythons
  7 giant cockroaches
  5 goblins
  A hobgoblin (D:2)
  16 jackals
  30 kobolds
  A quokka (D:2)
  9 bats
  7 frilled lizards
  A leopard gecko zombie (D:8)
  2 rats (D:4)
  A fulminant prism (D:7)
  A plant (Sewer)
203 creatures vanquished.

Vanquished Creatures (others)
  24 fulminant prisms
24 creatures vanquished.

Grand Total: 227 creatures vanquished

Notes
Turn   | Place    | Note
-------+----------+-------------------------------------------
     0 | D:1      | sking99 the Ogre Conjurer began the quest for the Orb.
     0 | D:1      | Reached XP level 1. HP: 16/16 MP: 3/3
   433 | D:1      | Reached XP level 2. HP: 23/26 MP: 1/5
   523 | D:1      | Reached skill level 1 in Fighting
   982 | D:1      | Reached XP level 3. HP: 25/33 MP: 0/7
  1049 | D:1      | Learned a level 2 spell: Searing Ray
  1927 | D:2      | Reached XP level 4. HP: 42/42 MP: 6/8
  3217 | D:3      | Reached XP level 5. HP: 28/50 MP: 4/10
  3355 | D:3      | Learned a level 4 spell: Fulminant Prism
  3392 | D:3      | Noticed Ijyb
  3769 | D:3      | Found a shattered altar of Ashenzari.
  4213 | D:3      | Reached skill level 5 in Conjurations
  4398 | D:3      | Killed Ijyb
  4398 | D:3      | Reached skill level 1 in Hexes
  5398 | D:4      | Found a glowing drain.
  5421 | D:4      | Reached XP level 6. HP: 14/59 MP: 0/11
  5682 | Sewer    | Entered a sewer
  6912 | D:3      | Became a worshipper of Ashenzari the Shackled
  7802 | D:5      | Entered Level 5 of the Dungeon
  7827 | D:5      | Reached XP level 7. HP: 39/66 MP: 0/12
  8019 | D:5      | Learned a level 4 spell: Iskenderun's Mystic Blast
  8261 | D:5      | Found a staircase to the Ecumenical Temple.
  8289 | Temple   | Entered the Ecumenical Temple
  8501 | D:5      | Reached skill level 1 in Shields
  8889 | D:5      | Noticed Eustachio
  8933 | D:5      | Killed Eustachio
  8933 | D:5      | Reached XP level 8. HP: 59/74 MP: 0/13
 10388 | D:6      | Reached * piety under Ashenzari
 10925 | D:6      | Found a bloodstained altar of Trog.
 11335 | D:6      | Reached skill level 5 in Fighting
 11335 | D:6      | Reached skill level 5 in Spellcasting
 11870 | D:7      | Reached XP level 9. HP: 88/88 MP: 11/16
 11968 | D:7      | Identified the +4 whip of the Snake Pit {speed, rElec rC-
                  | Dex+2}
 12584 | D:7      | Reached ** piety under Ashenzari
 12823 | D:8      | Noticed Gastronok
 12967 | D:8      | Noticed a two-headed ogre
 13431 | D:8      | Reached skill level 5 in Shields
 14785 | D:8      | HP: 2/93 [fulminant prism[the player character] (22)]
 14787 | D:8      | Hit by a boomerang thrown by an orc warrior

Levels and vault maps discovered:
D:1:      kennysheep_arrival_seaside, layout_basic
D:2:      layout_loops_ring, first_ration, palyth_stone_intersect,
          kennysheep_cross_bottleneck, kennysheep_cluttered_room,
          minmay_tromino_v4_c
D:3:      layout_basic, hangedman_feature_mirror, evilmike_ruin_ashenzari,
          uniq_ijyb
D:4:      layout_basic, portal_sewer_entry_c
D:5:      layout_loops_cross, minmay_temple_entry_butterflies, uniq_eustachio
D:6:      layout_basic, trog_ov_bears_minmay
D:7:      layout_loops_ring, st_stairs_9, solitary_fountain,
          minmay_misc_feat_tower
D:8:      layout_loops_corners, special_room [special_room_orc], uniq_gastronok
Temple:   kilobyte_greek_temple

Skill      XL: |  1  2  3  4  5  6  7  8  9 |
---------------+----------------------------+-----
Fighting       | 1 2 5 7 |  7.2
Conjurations   | 4 5 6 7 |  7.0
Spellcasting   | 3 5 6 |  6.0
Hexes          | 1 2 3 4 |  4.0
Shields        | 2 4 5 |  5.6
Dodging        | |  1.7
Stealth        | |  1.4

Action                   |  1- 3 |  4- 6 |  7- 9 || total
-------------------------+-------+-------+-------++-------
Melee: Unarmed           |     1 |       |       ||     1
       Whip              |    19 |    35 |       ||    54
       Mace              |       |    11 |    17 ||    28
       Dagger            |       |       |    52 ||    52
 Cast: Magic Dart        |    61 |   251 |   301 ||   613
       Searing Ray       |     3 |     5 |     6 ||    14
       Fulminant Prism   |       |       |    25 ||    25
       Iskenderun's Myst |       |       |     5 ||     5
Invok: Curse Item        |       |     3 |     2 ||     5
  Use: Scroll            |       |    10 |     2 ||    12
       Potion            |       |       |     1 ||     1
  Eat: Chunk             |     3 |    19 |    29 ||    51
       Ration            |       |       |     1 ||     1
Armor: Robe              |    18 |    36 |    80 ||   134
       Skin              |       |     1 |       ||     1
Dodge: Dodged            |    45 |    68 |   139 ||   252
